 Dungeon Crawl Stone Soup version 0.30-a0-439-g9e77e4d916 (webtiles) character file.

Game seed: 12592387772974348033

50 AigisTheKnight the Magician (level 3, 0/24 HPs)
             Began as a Demonspawn Hedge Wizard on Dec 10, 2022.
             Killed from afar by a white imp (4 damage)
             ... with a puff of frost
             ... on level 3 of the Dungeon.
             The game lasted 00:03:10 (2294 turns).

AigisTheKnight the Magician (DsHW)                  Turns: 2294, Time: 00:03:11

Health: 0/24       AC:  5    Str: 10    XL:     3   Next: 55%
Magic:  4/7        EV: 14    Int: 23    God:
Gold:   69         SH:  0    Dex: 12    Spells: 7/8 levels left

rFire   . . .      SeeInvis .    v - +2 sling of Coghaosh {freeze, +Blink Fly}
rCold   . . .      Faith    .    (no shield)
rNeg    . . .      Spirit   .    s - +0 leather armour
rPois   .          Reflect  .    l - +0 helmet
rElec   .          Harm     .    o - +0 cloak
rCorr   .          Rampage  .    (no gloves)
Will    .....                    (no boots)
Stlth   ++........               (no amulet)
HPRegen 0.24/turn                i - ring of flight
MPRegen 0.10/turn                j - +6 ring of intelligence

@: flying, very slightly contaminated
A: repulsion field 2
a: Evoke Blink


You were on level 3 of the Dungeon.
You visited 1 branch of the dungeon, and saw 3 of its levels.

You collected 69 gold pieces.

Inventory:

Hand Weapons
 a - a +0 dagger
 v - the +2 sling of Coghaosh (weapon) {freeze, +Blink Fly}
   (You found it on level 2 of the Dungeon)

   Any ammunition fired from it freezes those it strikes, dealing additional
   cold damage.
   It can also slow down cold-blooded creatures.
   Fly:       It grants you flight.
   +Blink:    It lets you blink.
Armour
 b - a +0 robe
 c - a +0 hat
 l - a +0 helmet (worn)
 o - a +0 cloak (worn)
 s - a +0 leather armour (worn)
Jewellery
 i - a ring of flight (left hand)
 j - a +6 ring of intelligence (right hand)
 q - an amulet of regeneration
 y - an amulet of reflection
Scrolls
 f - a scroll of teleportation {unknown}
 g - 3 scrolls of enchant weapon {unknown}
 h - 2 scrolls of amnesia {unknown}
 k - a scroll of fear {unknown}
 n - a scroll of brand weapon {unknown}
 p - a scroll of vulnerability {unknown}
 w - 2 scrolls of identify {unknown}
 x - a scroll of magic mapping {unknown}
Potions
 d - a potion of magic
 e - a potion of heal wounds {unknown}
 m - 2 potions of curing {unknown}
 r - 2 potions of flight {unknown}
 t - a potion of degeneration {unknown}
 u - a potion of haste {unknown}


   Skills:
 + Level 0.2 Fighting
 + Level 2.2 Dodging
 + Level 2.3 Stealth
 + Level 3.2 Spellcasting
 + Level 1.7 Conjurations
 - Level 1.0 Summonings
 + Level 1.5 Translocations


You had 7 spell levels left.
You knew the following spells:

 Your Spells              Type           Power      Damage    Failure   Level
a - Magic Dart            Conj           44%        1d5       8%          1

Your spell library contained the following spells:

 Spells                   Type           Power      Damage    Failure   Level
 Blink                    Tloc           20%        N/A       13%         2
 Slow                     Hex            12%        N/A       16%         1
 Call Imp                 Summ           8%         N/A       16%         2
 Cigotuvi's Dreadful Rot  Necr/Pois/Air  6%         N/A       24%         2
 Mephitic Cloud           Conj/Pois/Air  6%         N/A       36%         3


Dungeon Overview and Level Annotations

Branches:
Dungeon (3/15)

Altars:

Shops:
D:2 :


Innate Abilities, Weirdness & Mutations

You are surrounded by a moderate repulsion field. (EV +3)


Message History

The puff of frost hits you!
You are too injured to fight recklessly!
The goblin attacks as you move away! The goblin hits you but does no damage.
The goblin attacks as you move away! The goblin hits you but does no damage.
The white imp completely misses you. The goblin attacks as you move away!
The goblin hits you but does no damage.
You are too injured to fight recklessly!
Unknown command.
Casting: Magic Dart (safe; 8% risk of failure)
Confirm with . or Enter, or press ? or * to list all spells.
Aiming: Magic Dart (safe; 8% risk of failure)
Press: ? - help, Shift-Dir - straight line, f/p - white imp
Aim: a white imp (moderately wounded, 100% to hit)
The magic dart hits the goblin.
The goblin is moderately wounded.
The goblin misses you.
Unknown command.
Unknown command.
Casting: Magic Dart (safe; 8% risk of failure)
Confirm with . or Enter, or press ? or * to list all spells.
Aiming: Magic Dart (safe; 8% risk of failure)
Press: ? - help, Shift-Dir - straight line, f/p - white imp
Aim: a white imp (moderately wounded, 100% to hit)
The magic dart hits the goblin.
You kill the goblin!
The white imp gestures at you. The puff of frost hits you.
* * * LOW HITPOINT WARNING * * *
Unknown command.
Casting: Magic Dart (safe; 8% risk of failure)
Confirm with . or Enter, or press ? or * to list all spells.
Aiming: Magic Dart (safe; 8% risk of failure)
Press: ? - help, Shift-Dir - straight line, f/p - white imp
Aim: a white imp (moderately wounded, 100% to hit)
You miscast Magic Dart.
You are very lightly contaminated with residual magic.
Nothing appears to happen.
The white imp gestures at you. The puff of frost hits you.
You die...

####.........#
###....#####...#
#...##.# #.###
#.###### #. #.#
#. ###.# #.:
#...##...
#.###...#
#@##...# #)#...#
#5...# #...##
#........##
#.....####
~..... ~~...
#~~#.


You could see a white imp.

Vanquished Creatures
  A dart slug (D:3)
  4 bats
  6 endoplasms
  2 giant cockroaches
  2 goblins
  7 hobgoblins
  4 jackals (D:3)
  4 kobolds
  3 quokkas
  4 ball pythons
  3 frilled lizards
  2 rats
42 creatures vanquished.

Notes
Turn   | Place    | Note
-------+----------+-------------------------------------------
     0 | D:1      | AigisTheKnight the Demonspawn Hedge Wizard began the quest
                  | for the Orb.
     0 | D:1      | Reached XP level 1. HP: 13/13 MP: 4/4
    37 | D:1      | Reached skill level 1 in Translocations
   154 | D:1      | Gained mutation: You are surrounded by a mild repulsion
                  | field. (EV +2) [demonic ancestry]
   154 | D:1      | Reached XP level 2. HP: 14/19 MP: 4/6
  1404 | D:2      | Gained mutation: You are surrounded by a moderate repulsion
                  | field. (EV +3) [demonic ancestry]
  1404 | D:2      | Reached XP level 3. HP: 24/24 MP: 2/7
  1507 | D:2      | Found Abonot's Book Emporium.
  1550 | D:2      | Identified the +2 sling of Coghaosh {freeze, +Blink Fly}
  2232 | D:3      | Found a faded altar of an unknown god.
  2294 | D:3      | Killed from afar by a white imp

Illustrated notes

Levels and vault maps discovered:
D:1:      onia_arrival_pentagram, layout_basic
D:2:      layout_basic, serial_shops, shop
D:3:      layout_loops_ring, nzn_overflow_gifts_of_might_and_magic,
          kiku_gazebo_pond_becter, cheibrodos_sewer_entry_bend,
          hellmonk_ecumenical_altar_zigzags, kennysheep_donut, uniq_ijyb

Skill      XL: |  1  2 |
---------------+-------+-----
Translocations | 1 |  1.5
Stealth        | 2 |  2.3
Dodging        | 2 |  2.2
Fighting       | |  0.2
Spellcasting   | |  3.2
Conjurations   | |  1.7
Summonings     | |  1.0

Action                   || total
-------------------------++-------
Melee: Dagger            ||    52
 Fire: Sling             ||    42
 Cast: Magic Dart        ||    62
 Stab: Sleeping          ||     2
Armor: Robe              ||     8
       Leather armour    ||    14
Dodge: Dodged            ||    79

Table legend: (Time is in decaauts)
 A = Elapsed time spent in this place.
 B = Non-inter-level travel time spent in this place.
 C = Inter-level travel time spent in this place.
 D = Time resting spent in this place.
 E = Time spent auto-exploring this place.
 F = Levels seen in this place.
 G = Mean time per level.
                   A        B        C        D        E       F      G
               +--------+--------+--------+--------+--------+-----+--------+
         Total |   2310 |   2188 |    122 |      0 |   1738 |   3 |  770.0 |
       Dungeon |   2310 |   2188 |    122 |      0 |   1738 |   3 |  770.0 |
               +--------+--------+--------+--------+--------+-----+--------+

Top non-repeatable levels by time:
     D:2: 1071 daAuts
     D:1: 1014 daAuts
     D:3: 225 daAuts
